 Dungeon Crawl Stone Soup version 0.27-a0-965-gbf8bb431c4 (webtiles) character file.

Game seed: 1121594913770570883

723619 Mesmaeker13 the Conqueror (level 27, 0/191 HPs)
             Began as a Minotaur Berserker on Apr 11, 2021.
             Was the Champion of Trog.
             Slain by an ice dragon (5 damage)
             ... on level 7 of Cocytus on Apr 12, 2021.
             The game lasted 02:17:52 (74649 turns).

Mesmaeker13 the Conqueror (Minotaur Berserker)     Turns: 74649, Time: 02:17:53

Health: 0/191      AC: 56    Str: 34 (35) XL:     27
Magic:  22/22      EV: 17    Int:  5      God:    Trog [******]
Gold:   4317       SH:  9    Dex:  9      Spells: 26/26 levels left

rFire    . . .     SeeInvis .   d - +8 executioner's axe of Grace {vorpal, rCorr Str+3}
rCold    + . .     Faith    .   (shield currently unavailable)
rNeg     + + .     Spirit   .   V - +14 crystal plate armour
rPois    +         Reflect  +   G - +1 hat
rElec    .         Harm     .   v - +1 cloak {Will+}
rCorr    +         Rampage  +   l - +1 pair of gloves {Stlth+}
Will     +++..                  b - +2 pair of boots {rampage}
Stlth    ..........             Z - amulet of Thoughtfulness {Reflect rPois SH+5}
HPRegen  0.00/turn              W - ring of Guhiuwn {rN++ EV+4 Str+3}
MPRegen  0.18/turn              Y - ring of protection from cold

@: unable to read, on berserk cooldown, slowed, studying Short Blades, very slow
A: horns 2, retaliatory headbutt, large bone plates 1, clumsy 2, deterioration
2, frail 3, screaming 2, inhibited regeneration, weak 1, subdued magic 1,
inability to read while threatened, MP-powered wands
}: 5/15 runes: decaying, serpentine, slimy, silver, abyssal
a: Renounce Religion, Berserk, Trog's Hand, Brothers in Arms


You were on level 7 of Cocytus.
You worshipped Trog.
Trog was exalted by your worship.
You visited 12 branches of the dungeon, and saw 60 of its levels.
You visited the Abyss 2 times.
You also visited: Trove.

You collected 8380 gold pieces.
You spent 4063 gold pieces at shops.

Inventory:

Hand Weapons
 d - the +8 executioner's axe of Grace (weapon) {vorpal, rCorr Str+3}
   (Trog gifted it to you on level 1 of the Depths)

   It inflicts extra damage upon your enemies.
   It affects your strength (+3).
   It protects you from acid and corrosion.
 w - a +2 battleaxe of freezing
 U - a +9 antimagic executioner's axe
Missiles
 x - 4 boomerangs of dispersal
 B - 5 throwing nets
Armour
 b - a +2 pair of boots of rampaging (worn)
 l - a +1 pair of gloves of stealth (worn)
 v - a +1 cloak of willpower (worn)
 G - a +1 hat (worn)
 V - a +14 crystal plate armour (worn)
Jewellery
 c - the ring "Musm" {rF+ Dex+6}
   (You bought it in a shop on level 2 of the Orcish Mines)

   [ring of dexterity]

   It affects your dexterity (+6).
   It protects you from fire.
 g - the ring of Ukliaggu {Ice rElec rPois Int-2 SInv}
   (You found it in a treasure trove)

   [ring of ice]

   It enhances your ice magic.
   It affects your intelligence (-2).
   It makes you vulnerable to fire.
   It protects you from cold.
   It insulates you from electricity.
   It protects you from poison.
   It lets you see invisible.
 z - the ring "Avvuch" {rPois rN+ Stlth+}
   (You found it in a treasure trove)

   [ring of positive energy]

   It protects you from poison.
   It protects you from negative energy.
   It makes you more stealthy.
 W - the ring of Guhiuwn (left hand) {rN++ EV+4 Str+3}
   (You found it in a treasure trove)

   [ring of evasion]

   It affects your evasion (+4).
   It affects your strength (+3).
   It greatly protects you from negative energy.
 Y - a ring of protection from cold (right hand)
 Z - the amulet of Thoughtfulness (around neck) {Reflect rPois SH+5}
   (You took it off a deep elf demonologist on level 3 of the Elven Halls)

   [amulet of reflection]

   It reflects blocked missile attacks.
   It protects you from poison.
   It affects your SH (+5).
Wands
 a - a wand of mindburst (47)
 n - a wand of acid (19)
 u - a wand of iceblast (25)
 H - a wand of digging (5)
 N - a wand of charming (7)
 O - a wand of paralysis (14)
Scrolls
 e - 21 scrolls of teleportation
 h - 5 scrolls of immolation
 i - 30 scrolls of identify
 j - 9 scrolls of magic mapping
 m - a scroll of holy word
 o - 2 scrolls of enchant weapon
 r - 6 scrolls of fear
 s - 3 scrolls of summoning
 D - a scroll of silence
 E - 3 scrolls of blinking
 K - 3 scrolls of fog
 Q - a scroll of enchant armour
Potions
 f - 2 potions of invisibility
 k - 6 potions of attraction
 p - 2 potions of resistance
 q - 3 potions of magic
 t - a potion of cancellation
 C - 9 potions of curing
 F - 11 potions of flight
 J - 2 potions of ambrosia
 L - 6 potions of might
 M - 9 potions of heal wounds
 S - 10 potions of haste
Miscellaneous
 y - a box of beasts
 I - a tin of tremorstones (2/2)
 T - a condenser vane
 X - a phantom mirror


   Skills:
 O Level 27 Fighting
 O Level 27 Axes
 O Level 27 Armour
 + Level 17.0 Dodging
 + Level 11.0 Stealth
 + Level 21.4 Evocations


You had 26 spell levels left.
You didn't know any spells.
Your spell library was empty.

Dungeon Overview and Level Annotations

Branches:
Dungeon (15/15)            Temple (0/1) D:7            Lair (6/6) D:9
  Swamp (4/4) Lair:3        Snake (4/4) Lair:2        Slime (5/5) Lair:5
    Orc (2/2) D:12            Elf (3/3) Orc:2        Vaults (5/5) D:13
  Crypt (3/3) Vaults:3       Tomb (0/3) Crypt:3      Depths (5/5) D:15
   Hell (visited)             Dis (0/7) Hell            Geh (0/7) Hell
    Coc (7/7) Hell            Tar (0/7) Hell            Zot (0/5) Depths:5

Altars:
Cheibriados
Elyvilon
Hepliaklqana
Kikubaaqudgha
Okawaru
Qazlal
Ru
Trog
Uskayaw
Jiyva

Shops:
D:13 ?   Orc:1 ?   Orc:2 *?(!*   Snake:2 :[?   Vaults:4 [   Vaults:5 [

Portals:
Hell: Depths:1 Depths:2 Depths:3 Depths:4 Depths:5
Abyss: Depths:3 Depths:4 Depths:5
Pandemonium: Depths:1 Depths:3 Depths:4
Ziggurat: Depths:4

Annotations:
Elf:3 1 exclusion
Depths:4 3 exclusions


Innate Abilities, Weirdness & Mutations

You have a pair of horns on your head.
You reflexively headbutt those who attack you in melee.
You are partially covered in large bone plates. (SH +4)
You are very clumsy. (Dex -4)
Your body often deteriorates upon taking damage.
You are extremely frail. (-30% HP)
You frequently scream uncontrollably at your foes.
You do not regenerate when monsters are visible.
You are weak. (Str -2)
Your spells are a little easier to cast, but a little less powerful.
You sometimes lose the ability to read scrolls when taking damage.
You expend magic power (3 MP) to strengthen your wands.


Message History

Your stone giant is knocked back by the torrent of water.
Your stone giant collides with the ice dragon!
The wave splashes down.
You block the ice dragon's attack. The ice dragon misses you.
You block the ice dragon's attack. The water elemental hits you.
The snapping turtle skeleton closely misses you.
Your stone giant hits the elemental wellspring but does no damage.
The wraith closely misses you.
The bog body touches you but does no damage.
You hear a shout!
Unknown command.
Your unstable footing causes you to fumble your attack.
You are engulfed in freezing vapours.
You resist.
* * * LOW HITPOINT WARNING * * *
Your lungs strain for air!
A torrent of water rises up through the elemental wellspring!
The torrent of water hits your stone giant!!
The wave splashes down.
Your stone giant hits the elemental wellspring.
The ice dragon bites you but does no damage.
The ice dragon closely misses you. You block the ice dragon's attack.
You block the snapping turtle skeleton's attack.
You block the ice devil's attack. You block the bog body's attack.
The wraith closely misses you.
You strike the helpless ice devil from behind!
You open the ice devil like a pillowcase!!!!
You kill the ice devil!
Trog accepts your kill.
You slash the wraith! You slice the ice dragon!!
You closely miss the ice dragon. You slice the bog body!!
You destroy the bog body!
Trog accepts your kill.
Trog appreciates your killing of a magic user.
You gasp with relief as air once again reaches your lungs.
Your stone giant hits the elemental wellspring!
The ice dragon misses you. You furiously retaliate!
You headbutt the ice dragon!
The ice dragon claws you but does no damage.
The ice dragon tramples you.
You die...

≈≈####################≈≈≈≈≈≈
≈≈####≈≈≈≈≈≈≈≈≈≈≈≈≈≈≈≈≈≈≈≈≈≈
≈≈####≈≈≈≈≈.≈≈≈≈≈≈≈≈≈..≈≈≈≈≈
≈≈####≈.≈≈≈≈≈≈≈E≈......,,≈≈≈
≈≈####≈..∩≈∩D[≈≈≈......,,≈≈≈
≈≈####≈...[@DECE≈≈.....≈≈≈≈≈
≈≈####≈≈.∩Wn.Y≈E≈≈≈≈≈.≈≈≈≈≈≈
≈≈####≈≈....WZZ≈≈≈≈≈≈≈≈≈≈.,,
≈≈####≈≈≈....CC≈≈≈≈≈≈≈≈≈≈..,
≈≈####≈≈≈........≈≈≈≈≈≈≈..#*
≈≈####≈≈≈≈.......≈≈≈≈≈≈..#*
≈≈####≈≈≈≈........≈≈≈≈≈..###
≈≈####≈≈≈≈≈.......≈≈≈≈≈....#
≈≈####≈≈≈≈≈Z.....≈≈≈≈≈≈≈....


You could see 2 frost giants, 2 ice dragons, an elemental wellspring (ally
target), a freezing wraith, 3 water elementals, a bog body, a wraith, an ice
beast, an ice dragon zombie, a snapping turtle skeleton and a friendly stone
giant (summoned, berserk).

Vanquished Creatures
  the Royal Jelly (Slime:5)
  3 dread liches
  5 ancient liches
  Sojobo (Depths:1)
  10 shard shrikes
  Bai Suzhen (Vaults:2)
  Margery (Depths:3)
  Vashnia (Snake:3)
  Geryon (Hell)
  3 golden dragons
  3 bone dragons
  Jorgrun (D:14)
  6 Ice Fiends
  4 tentacled monstrosities
  7 liches
  Asterion (Elf:1)
  2 titans (Vaults:5)
  4 deep elf master archers
  4 deep elf blademasters
  19 acid blobs
  4 sphinxes
  Frances (Elf:1)
  Murray (Hell)
  7 ancient champions
  The ghost of Funofi the Executioner, an adept MiBe of Trog (Depths:3)
  An Executioner (Abyss:4)
  6 tengu reavers
  The ghost of Huteats the Covert, an adept VSFi of Uskayaw (Snake:2)
  2 thorn hunters
  4 tentacled starspawn (Abyss:4)
  4 storm dragons
  4 shadow dragons
  Kirke (Lair:4)
  Agnes (Elf:2)
  11 fire giants
  A draconian monk (Depths:5)
  2 revenants
  10 rockslimes (Slime:5)
  2 draconian knights
  6 azure jellies
  7 frost giants
  6 nagarajas (Snake:4)
  4 balrugs
  Aizul (Snake:2)
  5 iron dragons
  16 ghouls
  A cacodemon (Hell)
  5 orc warlords
  20 vault wardens
  6 quicksilver oozes
  An angel (Abyss:4)
  5 deep elf elementalists (Elf:3)
  10 deep elf sorcerers
  A caustic shrike skeleton (Depths:2)
  43 very ugly things
  6 reapers
  20 ironbound preservers
  17 stone giants
  6 war gargoyles
  2 spriggan defenders (Depths:4)
  9 deep elf demonologists
  3 black draconians (Depths:5)
  12 vampire knights
  2 red draconians (Depths:5)
  9 bunyips
  3 spark wasps (Depths:4)
  6 dire elephants
  4 deep elf annihilators (Elf:3)
  A yellow draconian (Depths:5)
  An entropy weaver (Vaults:4)
  3 eidola
  4 blizzard demons
  4 deep elf death magi (Elf:3)
  A quicksilver dragon zombie (Coc:2)
  6 eleionomae
  7 fire dragons
  2 salamander tyrants
  A crystal guardian (Vaults:2)
  15 yaktaur captains
  7 ettins
  8 great orbs of eyes
  3 deep elf high priests (Elf:3)
  Snorg (D:12)
  14 naga warriors
  2 shambling mangroves
  A monstrous demonspawn (Depths:3)
  17 jiangshi
  17 ice dragons
  4 rakshasas
  3 kraken zombies
  3 ironbound thunderhulks
  5 peacekeepers
  44 vault guards
  32 hydras
  A ghost crab (Swamp:2)
  8 ironbound frosthearts
  15 anacondas
  4 ogre magi
  3 quicksilver dragon skeletons
  2 spriggan air magi
  A catoblepas (D:13)
  7 boulder beetles
  22 centaur warriors
  18 two-headed ogres
  18 dancing weapons
  5 death knights
  4 deep troll shamans
  11 alligators
  10 tengu warriors
  2 death yaks (Lair:4)
  12 deep troll earth magi
  3 hell hogs (Hell)
  7 ironbound beastmasters
  3 orc high priests (Orc:2)
  13 thrashing horrors
  2 spriggan berserkers
  9 naga sharpshooters
  8 vampire magi
  17 hell knights
  The ghost of funkygono the Thaumaturge, a novice DjFE of Cheibriados (D:10)
  A shock serpent (shapeshifter) (Vaults:5)
  3 storm dragon zombies
  7 shock serpents
  Nergalle (Lair:4)
  A fire crab (Lair:5)
  5 wretched stars
  4 titan zombies
  Sonja (D:12)
  5 sun demons (Hell)
  10 deep elf knights
  9 soul eaters
  4 titan skeletons
  7 salamander mystics
  A spark wasp zombie (Crypt:2)
  2 spatial maelstroms (Abyss:4)
  A storm dragon skeleton (Coc:2)
  66 skeletal warriors
  2 sea snakes (Snake:2)
  8 anaconda zombies
  5 goliath frogs
  5 iron trolls
  2 spriggan druids
  3 glowing orange brains
  2 gelid demonspawn
  7 flayed ghosts
  2 golden dragon skeletons
  9 bog bodies
  A ghost moth zombie (Hell)
  20 ironbound convokers
  A torturous demonspawn (Depths:1)
  24 starcursed masses (Abyss:4)
  60 deep trolls
  2 swamp dragons (Swamp:4)
  11 deep elf archers
  16 wizards
  16 necromancers
  5 lindwurms
  4 anaconda skeletons
  A wolf spider zombie (Crypt:1)
  10 naga ritualists
  A wolf spider (D:15)
  15 phantasmal warriors
  A bunyip skeleton (Crypt:3)
  16 orc knights
  A shadow dragon zombie (Coc:3)
  64 ugly things
  27 deep elf pyromancers
  A wolf spider (shapeshifter) (Vaults:5)
  22 salamanders
  18 deep elf zephyrmancers
  2 fire giant zombies (Coc:2)
  A manticore (shapeshifter) (D:13)
  A stone giant zombie (Coc:4)
  An iron dragon zombie (Coc:2)
  4 shadow dragon skeletons
  11 mana vipers
  3 iron dragon skeletons
  18 elephants
  4 orc sorcerers
  6 will-o-the-wisps
  7 shining eyes
  A shining eye (shapeshifter) (Vaults:4)
  2 frost giant zombies
  5 cyclopes
  A worldbinder (Abyss:4)
  2 fire giant skeletons
  An elephant (shapeshifter) (Vaults:5)
  4 stone giant skeletons
  3 apocalypse crabs (Abyss:4)
  A titan simulacrum (Coc:1)
  A manticore (D:12)
  15 naga magi
  Maurice (Orc:1)
  12 guardian serpents
  A human skeleton (Vaults:4)
  5 molten gargoyles (Hell)
  57 black mambas
  4 eyes of devastation
  A dire elephant zombie (Coc:1)
  5 frost giant skeletons
  A guardian serpent (shapeshifter) (Vaults:5)
  An ice statue (Coc:7)
  9 rust devils
  A torpor snail (Lair:4)
  20 vault sentinels
  3 gargoyles
  A cane toad (shapeshifter) (Elf:1)
  An orange demon (Hell)
  A storm dragon simulacrum (Crypt:3)
  A water nymph (shapeshifter) (Vaults:5)
  2 shock serpent skeletons
  A grey draconian zombie (Crypt:3)
  21 cane toads
  8 smoke demons
  2 efreet
  2 dire elephant skeletons
  9 komodo dragons
  2 kobold demonologists (D:6)
  An unseen horror (D:12)
  5 hellwings
  2 rime drakes (shapeshifter)
  28 freezing wraiths
  2 demonic crawlers
  4 tormentors
  29 ice devils
  42 yaktaurs
  A guardian mummy (D:13)
  2 red devils
  4 rime drakes
  7 ancient zymes (Abyss:4)
  10 tengu conjurers
  A white draconian skeleton (Crypt:2)
  An anaconda simulacrum (Coc:7)
  10 hydra zombies
  A bloated husk (Swamp:1)
  A pale draconian skeleton (Crypt:1)
  5 trolls
  A jumping spider (Vaults:4)
  A sea snake skeleton (Hell)
  2 harpy zombies (Coc:5)
  A queen bee (D:9)
  A wolf spider simulacrum (Hell)
  5 hornets
  An ice dragon zombie (Coc:1)
  3 polar bears
  A frost giant simulacrum (Coc:1)
  10 raiju (Abyss:4)
  A boulder beetle zombie (Crypt:2)
  A harpy skeleton (Crypt:3)
  17 tyrant leeches
  3 hydra skeletons
  An iron dragon simulacrum (Hell)
  28 blink frogs
  6 alligator zombies
  A fire dragon zombie (Crypt:1)
  9 large abominations
  5 dream sheep (Lair:6)
  84 slime creatures
  2 meliai zombies (D:13)
  A guardian serpent skeleton (Crypt:2)
  3 ettin zombies
  14 wraiths
  A redback (Vaults:4)
  4 ynoxinuls (Abyss:4)
  3 air elementals
  4 alligator skeletons
  31 flying skulls
  12 water elementals
  Sigmund (D:2)
  7 ettin skeletons
  A fire dragon skeleton (Crypt:3)
  4 spriggans
  10 shadows
  2 tarantellas (shapeshifter) (D:12)
  19 yaks
  2 fire bats (Abyss:4)
  4 wyverns
  7 basilisks
  A black mamba skeleton (Crypt:3)
  2 hogs (Lair:4)
  6 neqoxecs
  6 fire elementals
  15 golden eyes
  15 vampire mosquitoes
  3 steam dragons
  2 wargs
  Menkaure (D:5)
  A wind drake skeleton (Crypt:2)
  17 spatial vortices (Abyss:4)
  5 chaos spawn (Abyss:4)
  2 elf skeletons
  53 nagas
  4 hydra simulacra
  12 swamp worms
  7 cane toad zombies
  A faun zombie (Crypt:2)
  2 orb spider zombies (Crypt:1)
  4 hell hounds (Hell)
  24 water moccasins
  A merfolk skeleton (Coc:4)
  2 acid dragons
  2 floating eyes
  A snapping turtle zombie (Coc:3)
  A meliai simulacrum (D:15)
  2 black bears
  2 hornet zombies
  5 swamp drakes
  31 orc warriors
  8 ice beasts
  An ice dragon simulacrum (Crypt:1)
  2 cane toad skeletons
  4 necrophages
  7 boggarts
  A tengu (shapeshifter) (Abyss:4)
  18 wolves
  A manticore skeleton (Crypt:3)
  7 ogres
  2 swamp dragon skeletons
  15 centaurs
  5 phantoms
  2 snapping turtle skeletons
  2 kobold brigands
  21 bullfrogs
  A gnoll sergeant (D:6)
  A cane toad simulacrum (Coc:1)
  3 earth elementals
  A scorpion (D:6)
  A wyvern skeleton (Crypt:3)
  7 small abominations
  A water moccasin skeleton (D:6)
  17 killer bees (D:9)
  7 electric eels
  10 howler monkeys
  11 wights
  6 lava snakes (D:12)
  4 quasits
  3 bullfrog zombies
  14 centaur zombies
  3 jellies
  2 centaur skeletons
  17 orc priests
  2 bullfrog skeletons (D:6)
  A gnoll shaman (D:9)
  2 hounds
  Crazy Yiuf (D:3)
  Ijyb (D:5)
  Jessica (D:3)
  A basilisk skeleton (Crypt:3)
  Terence (D:2)
  22 orc wizards
  7 hell rats (Hell)
  A killer bee zombie (D:7)
  A tengu zombie (Coc:4)
  A hound zombie (D:5)
  2 naga skeletons
  An ogre skeleton (Crypt:3)
  A hound skeleton (D:5)
  7 mummies
  A howler monkey zombie (D:9)
  3 howler monkey skeletons
  9 gnolls
  8 adders
  13 white imps
  An ufetubus (Abyss:4)
  An adder skeleton (D:4)
  2 worms
  2 dart slugs (D:3)
  57 orcs
  8 endoplasms
  3 giant cockroaches
  5 goblins
  5 hobgoblins
  11 jackals
  A quokka (D:2)
  2 ball pythons
  5 bats
  5 frilled lizards
  A gnoll zombie (Crypt:1)
  13 kobolds
  A kobold skeleton (Coc:4)
  A rat (D:3)
  A rat skeleton (Crypt:1)
  A river rat skeleton (Crypt:2)
  A fire vortex (Depths:5)
  3 starspawn tentacles (Abyss:4)
  8 tentacles
2696 creatures vanquished.

Vanquished Creatures (collateral kills)
  A dread lich (Vaults:5)
  An ancient lich (Abyss:4)
  Nikola (Swamp:4)
  An acid blob (Slime:5)
  A nagaraja (Snake:2)
  Donald (Swamp:4)
  2 deep elf sorcerers (Elf:3)
  A deep elf elementalist (Elf:3)
  An elemental wellspring (Coc:7)
  A deep elf demonologist (Elf:3)
  An ogre mage (Abyss:4)
  A boulder beetle (Lair:1)
  3 hydras (Swamp:4)
  An anaconda (Snake:4)
  A dancing weapon (Elf:2)
  A wretched star (Abyss:4)
  An iron troll (Depths:2)
  A deep troll (Depths:2)
  A naga ritualist (Snake:4)
  2 swamp dragons (Swamp:4)
  An orc knight (Orc:2)
  A harpy (shapeshifter) (Abyss:4)
  A bog body (Swamp:4)
  An ironbound convoker (Vaults:1)
  An orc sorcerer (Orc:2)
  An ugly thing (Depths:5)
  An ice devil (Coc:7)
  2 ancient zymes (Abyss:4)
  A red devil (Abyss:4)
  2 hornets (Swamp:4)
  A spriggan (Swamp:4)
  3 fire bats (Abyss:4)
  2 wraiths
  2 chaos spawn (Abyss:4)
  2 swamp worms (Swamp:4)
  A naga (Snake:2)
  4 swamp drakes (Swamp:4)
  4 orc warriors
  A crimson imp (Abyss:4)
  An orc priest (Orc:2)
  An orc wizard (Orc:2)
  4 orcs
62 creatures vanquished.

Vanquished Creatures (others)
  A tentacled starspawn (Abyss:4)
  An elemental wellspring (Coc:7)
  2 very ugly things (Abyss:4)
  A hydra (Swamp:4)
  An alligator (Swamp:3)
  A necromancer (Depths:2)
  A deep elf pyromancer (Elf:1)
  An ugly thing (Abyss:4)
  A yaktaur (Vaults:2)
  A troll (Orc:1)
  3 bloated husks
  A small abomination (Abyss:4)
  2 humans (Lair:4)
  A chaos spawn (Abyss:4)
  A centaur (D:15)
  A quasit (Abyss:4)
  An orc wizard (D:12)
  A mummy (Coc:7)
  A bush (Lair:3)
  7 demonic plants (Abyss:4)
  20 foxfires
  59 fungi
  2 lurking horrors (Abyss:4)
  187 plants
  11 starspawn tentacles (Abyss:4)
  28 tentacles
  3 withered plants
340 creatures vanquished.

Grand Total: 3098 creatures vanquished

Notes
Turn   | Place    | Note
-------+----------+-------------------------------------------
     0 | D:1      | Mesmaeker13 the Minotaur Berserker began the quest for the
                  | Orb.
     0 | D:1      | Reached XP level 1. HP: 19/19 MP: 0/0
   541 | D:1      | Reached XP level 2. HP: 27/27 MP: 1/1
  1068 | D:2      | Reached ** piety under Trog
  1132 | D:2      | Noticed Sigmund
  1201 | D:3      | Found a snail-covered altar of Cheibriados.
  1205 | D:3      | Found an iron altar of Okawaru.
  1205 | D:3      | Noticed Jessica
  1212 | D:3      | Killed Jessica
  1213 | D:3      | Reached XP level 3. HP: 31/33 MP: 2/2
  1279 | D:3      | Found a faded altar of an unknown god.
  1425 | D:3      | Reached XP level 4. HP: 26/41 MP: 3/3
  1691 | D:3      | Found a runed translucent door.
  1692 | D:3      | Noticed Crazy Yiuf
  2379 | D:4      | Reached XP level 5. HP: 42/47 MP: 4/4
  2548 | D:4      | Reached skill level 5 in Axes
  3226 | D:3      | Killed Crazy Yiuf
  3227 | D:3      | Reached skill level 5 in Fighting
  3659 | D:2      | Killed Sigmund
  3659 | D:2      | Reached *** piety under Trog
  3660 | D:2      | Reached XP level 6. HP: 46/57 MP: 5/5
  4132 | D:2      | Noticed Terence
  4140 | D:2      | Killed Terence
  4305 | D:5      | Entered Level 5 of the Dungeon
  4523 | D:5      | Noticed Ijyb
  4534 | D:5      | Killed Ijyb
  4588 | D:5      | Reached XP level 7. HP: 63/63 MP: 6/6
  4612 | D:5      | Reached skill level 5 in Dodging
  4858 | D:5      | Noticed Menkaure
  4870 | D:5      | Killed Menkaure
  5607 | D:6      | Reached XP level 8. HP: 53/73 MP: 7/7
  6337 | D:6      | Reached **** piety under Trog
  6445 | D:6      | Noticed a kobold demonologist
  6913 | D:6      | Noticed a kobold demonologist
  6922 | D:6      | Noticed a smoke demon
  6923 | D:6      | Killed a kobold demonologist
  6924 | D:6      | Reached XP level 9. HP: 59/82 MP: 8/8
  6945 | D:6      | Killed a kobold demonologist
  7601 | D:7      | Found a staircase to the Ecumenical Temple.
  7750 | D:7      | Found a hide-covered altar of Uskayaw.
  7755 | D:7      | Found a white marble altar of Elyvilon.
  8270 | D:8      | Reached skill level 10 in Fighting
  8270 | D:8      | Reached skill level 10 in Axes
  8792 | D:9      | Reached skill level 1 in Evocations
  8820 | D:9      | Found a staircase to the Lair.
  8826 | D:9      | Reached XP level 10. HP: 76/94 MP: 9/9
  8846 | D:9      | Noticed a two-headed ogre
  8993 | D:9      | Killed a two-headed ogre
  9475 | D:9      | Noticed a centaur warrior
  9488 | D:9      | Killed a centaur warrior
  9621 | D:9      | Reached skill level 10 in Dodging
  9939 | D:9      | Noticed a two-headed ogre
  9944 | D:9      | Killed a two-headed ogre
 10228 | D:9      | Reached XP level 11. HP: 72/103 MP: 10/10
 10532 | D:9      | Reached ***** piety under Trog
 10621 | D:9      | Noticed a two-headed ogre
 10629 | D:9      | Killed a two-headed ogre
 11132 | D:9      | Noticed a death knight
 11142 | D:9      | Killed a death knight
 11143 | D:9      | Reached skill level 5 in Evocations
 11392 | D:10     | Entered Level 10 of the Dungeon
 11471 | D:10     | Found a transporter.
 11486 | D:10     | Noticed a two-headed ogre
 11497 | D:10     | Killed a two-headed ogre
 11508 | D:10     | Noticed funkygono's ghost (novice DjFE)
 11579 | D:10     | Noticed a two-headed ogre
 11592 | D:10     | Killed a two-headed ogre
 11690 | D:10     | Noticed a two-headed ogre
 11700 | D:10     | Killed a two-headed ogre
 11756 | D:10     | Found a transporter.
 11777 | D:10     | Noticed a two-headed ogre
 11788 | D:10     | Killed a two-headed ogre
 12377 | Lair:1   | Entered Level 1 of the Lair of Beasts
 12427 | Lair:1   | Noticed an eight-headed hydra
 12435 | Lair:1   | Killed a six-headed hydra
 12436 | Lair:1   | Reached XP level 12. HP: 97/113 MP: 11/11
 12576 | Lair:1   | Found a transporter.
 12579 | Lair:1   | Found a transporter.
 12579 | Lair:1   | Noticed a boulder beetle
 12579 | Lair:1   | Noticed a boulder beetle
 13432 | Lair:2   | Received a gift from Trog
 13667 | Lair:2   | Found a staircase to the Snake Pit.
 13790 | Lair:2   | Noticed a six-headed hydra
 13801 | Lair:2   | Killed a two-headed hydra
 14774 | Lair:1   | Killed a boulder beetle
 14794 | Lair:1   | Killed a boulder beetle
 14938 | Lair:3   | Found a gate leading to a gauntlet.
 15155 | Lair:3   | Noticed a six-headed hydra
 15185 | Lair:3   | Killed a one-headed hydra
 15186 | Lair:3   | Reached XP level 13. HP: 113/124 MP: 12/12
 15231 | Lair:3   | Reached skill level 5 in Armour
 15757 | Lair:3   | Found a staircase to the Swamp.
 16045 | Lair:4   | Noticed Nergalle
 16053 | Lair:4   | Killed Nergalle
 16330 | Lair:4   | Noticed Kirke
 16341 | Lair:4   | Noticed a sphinx
 16344 | Lair:4   | Killed Kirke
 16487 | Lair:4   | Reached skill level 15 in Fighting
 16535 | Lair:4   | Reached skill level 15 in Axes
 17103 | Lair:5   | Found a staircase to the Slime Pits.
 17205 | Lair:5   | Received a gift from Trog
 17405 | Lair:5   | You fall into a shaft and drop 1 floor!
 17405 | Lair:6   | Entered Level 6 of the Lair of Beasts
 17442 | Lair:6   | Reached XP level 14. HP: 114/135 MP: 13/13
 18198 | Lair:6   | Reached skill level 10 in Evocations
 18520 | Lair:6   | Received a gift from Trog
 18777 | Lair:6   | Reached skill level 10 in Armour
 18809 | Lair:6   | Identified the ring "Tidgh" {AC+4 Int+6}
 18828 | Lair:6   | Identified the +9 dagger of Irecech {vorpal, Int+2}
 19464 | Lair:6   | Upgraded the game from 0.27-a0-951-gae3e1deef5 to
                  | 0.27-a0-965-gbf8bb431c4
 19753 | D:10     | Gained mutation: You are weak. (Str -2) [a neqoxec]
 19754 | D:10     | Killed funkygono's ghost
 20594 | D:12     | Found a staircase to the Orcish Mines.
 20649 | D:12     | Reached XP level 15. HP: 111/144 MP: 14/14
 20863 | D:12     | Received a gift from Trog
 20877 | D:12     | Noticed Snorg
 20905 | D:12     | Killed Snorg
 21272 | D:12     | Noticed Sonja
 21274 | D:12     | Killed Sonja
 21906 | Orc:1    | Entered Level 1 of the Orcish Mines
 21926 | Orc:1    | Noticed Maurice
 21933 | Orc:1    | Killed Maurice
 22007 | Orc:1    | Found Keysanon's Magic Scroll Shop.
 22063 | Orc:1    | Reached ****** piety under Trog
 22310 | Orc:1    | Bought a scroll of identify for 28 gold pieces
 22310 | Orc:1    | Bought a scroll of identify for 28 gold pieces
 22331 | Orc:2    | Entered Level 2 of the Orcish Mines
 22331 | Orc:2    | Found Afyps's Mass Market.
 22542 | Orc:2    | Found a staircase to the Elven Halls.
 22722 | Orc:2    | Received a gift from Trog
 22800 | Orc:2    | HP: 4/146 [sixfirhy[an orc high priest] (12)]
 23447 | Orc:2    | Found Qivuhy's Assorted Antiques.
 23447 | Orc:2    | Found Buziupa's Magic Scroll Shop.
 23449 | Orc:2    | Found Beum's Distillery.
 23449 | Orc:2    | Found Womum's Antique Weapon Shop.
 23455 | Orc:2    | Bought a wavering tin ring for 135 gold pieces
 23455 | Orc:2    | Identified the ring "Musm" {rF+ Dex+6} (You bought it in a
                  | shop on level 2 of the Orcish Mines)
 23566 | Orc:2    | Bought a +0 crystal plate armour for 1120 gold pieces
 23871 | D:13     | Found Noakke Xal's Magic Scroll Boutique.
 23891 | D:13     | Bought a scroll of identify for 28 gold pieces
 23891 | D:13     | Bought a scroll of identify for 28 gold pieces
 24542 | D:13     | Found a gate to the Vaults.
 24558 | D:13     | Reached XP level 16. HP: 145/155 MP: 5/15
 25314 | D:14     | Noticed Jorgrun
 25324 | D:14     | Killed Jorgrun
 25812 | D:15     | Entered Level 15 of the Dungeon
 26489 | D:15     | Found a staircase to the Depths.
 26642 | D:15     | Found a hazy altar of Hepliaklqana.
 27131 | Swamp:1  | Entered Level 1 of the Swamp
 27143 | Swamp:1  | Noticed a thorn hunter
 27157 | Swamp:1  | Killed a thorn hunter
 27207 | Swamp:1  | Received a gift from Trog
 27943 | Swamp:2  | Reached XP level 17. HP: 92/164 MP: 5/16
 28863 | Swamp:3  | Received a gift from Trog
 29458 | Swamp:4  | Entered Level 4 of the Swamp
 29459 | Swamp:4  | Noticed Donald
 29468 | Swamp:4  | Killed Donald
 29682 | Swamp:4  | Noticed Nikola
 29693 | Swamp:4  | Killed Nikola
 29714 | Swamp:4  | Paralysed by a hornet for 3 turns
 30037 | Swamp:4  | Received a gift from Trog
 30161 | Swamp:4  | Got a decaying rune of Zot
 30713 | Orc:2    | Bought a scroll of brand weapon for 260 gold pieces
 30713 | Orc:2    | Bought a scroll of enchant weapon for 97 gold pieces
 30932 | Snake:1  | Entered Level 1 of the Snake Pit
 30942 | Snake:1  | Reached skill level 15 in Armour
 31575 | Snake:2  | Noticed Aizul
 31590 | Snake:2  | Killed Aizul
 31617 | Snake:2  | Reached XP level 18. HP: 51/176 MP: 17/17
 31834 | Snake:2  | Found a runed translucent door.
 31841 | Snake:2  | Noticed Huteats's ghost (adept VSFi)
 31851 | Snake:2  | Killed Huteats's ghost
 31893 | Snake:2  | Identified the +8 battleaxe of Otaerphee {vorpal, rElec
                  | rCorr Int+3} (Trog gifted it to you on level 2 of the Snake
                  | Pit)
 31893 | Snake:2  | Received a gift from Trog
 32277 | Snake:2  | Identified a scroll of acquirement
 32296 | Snake:2  | Found Pedem's Magic Scroll Boutique.
 32298 | Snake:2  | Found Emmoipp's Antique Armour Shop.
 32301 | Snake:2  | Found Eniesi's Book Boutique.
 32360 | Snake:2  | Bought a scroll of acquirement for 988 gold pieces
 32361 | Snake:2  | Acquired the +1 executioner's axe of Miremp {spect, rC++}
 32700 | Snake:3  | Noticed Vashnia
 32736 | Snake:2  | Acquired a +1 pair of gloves of stealth
 32980 | Snake:3  | Killed Vashnia
 33244 | Snake:3  | Found a runed translucent door.
 33966 | Snake:3  | Identified the Grimoire of Mutagenic Flight
 34039 | Snake:4  | Entered Level 4 of the Snake Pit
 34720 | Snake:4  | Received a gift from Trog
 35219 | Snake:4  | Reached XP level 19. HP: 164/185 MP: 18/18
 35629 | Snake:4  | Got a serpentine rune of Zot
 35921 | Elf:1    | Entered Level 1 of the Elven Halls
 35941 | Elf:1    | Received a gift from Trog
 36206 | Elf:1    | Reached skill level 15 in Evocations
 36470 | Elf:1    | Noticed Asterion
 36481 | Elf:1    | Killed Asterion
 37193 | Elf:1    | Noticed Frances
 37209 | Elf:1    | Killed Frances
 38075 | Elf:2    | Received a gift from Trog
 38151 | Elf:2    | Found a runed translucent gate.
 38152 | Elf:2    | Found a runed translucent gate.
 38163 | Elf:2    | Found a runed translucent gate.
 38543 | Elf:2    | Noticed Agnes
 38557 | Elf:2    | Killed Agnes
 39049 | Elf:2    | Received a gift from Trog
 39688 | Elf:3    | Entered Level 3 of the Elven Halls
 40401 | Elf:3    | Cast into level 3 of the Abyss (a deep elf demonologist)
 40750 | Abyss:4  | Reached XP level 20. HP: 158/158 MP: 13/13
 40807 | Elf:3    | Escaped the Abyss
 40811 | Elf:3    | Received a gift from Trog
 41080 | Elf:3    | Cast into level 2 of the Abyss (a deep elf sorcerer)
 41135 | Abyss:3  | Found a corrupted altar of Lugonu.
 41288 | Abyss:4  | Noticed an ancient lich
 41288 | Abyss:4  | Noticed an ancient lich
 41291 | Abyss:4  | Noticed an ancient lich
 41306 | Abyss:4  | Killed an ancient lich
 41321 | Abyss:4  | Killed an ancient lich
 41337 | Abyss:4  | Killed an ancient lich
 41337 | Abyss:4  | Received a gift from Trog
 41363 | Abyss:4  | Noticed an ancient lich
 41378 | Abyss:4  | Killed an ancient lich
 41388 | Abyss:4  | Noticed a dread lich
 41400 | Abyss:4  | Killed a dread lich
 41402 | Abyss:4  | Got an abyssal rune of Zot
 41688 | Abyss:4  | Paralysed by accursed screaming for 2 turns
 41696 | Abyss:4  | Paralysed by accursed screaming for 2 turns
 41793 | Abyss:4  | Received a gift from Trog
 41921 | Abyss:4  | Noticed a bone dragon
 41933 | Abyss:4  | Killed a bone dragon
 41937 | Abyss:4  | Gained mutation: You are clumsy. (Dex -2) [a neqoxec]
 41942 | Elf:3    | Escaped the Abyss
 42165 | Elf:3    | Reached XP level 21. HP: 97/207 MP: 20/20
 42384 | Elf:3    | Identified the amulet of Thoughtfulness {Reflect rPois
                  | SH+5}
 42559 | Elf:3    | Identified the +5 glaive of the Hierophant {antimagic,
                  | Stlth+}
 42559 | Elf:3    | Identified the +1 robe of Marbles {*Corrode rPois Str-4
                  | Slay+5}
 42565 | Elf:3    | Identified the +1 mace of Fragile Peace {vorpal, Will+
                  | Int+3 SInv}
 42783 | Elf:3    | Identified the +9 glaive "Rukao" {flame, rF+ Int+3}
 43828 | Depths:1 | Entered Level 1 of the Depths
 43828 | Depths:1 | Noticed Sojobo
 43842 | Depths:1 | Killed Sojobo
 43852 | Depths:1 | Identified the +8 executioner's axe of Grace {vorpal, rCorr
                  | Str+3} (Trog gifted it to you on level 1 of the Depths)
 43852 | Depths:1 | Received a gift from Trog
 44039 | Depths:1 | Paralysed by a vampire knight for 3 turns
 44063 | Depths:1 | Found a gateway to Hell.
 44863 | Depths:1 | Found a one-way gate leading to the halls of Pandemonium.
 45126 | Depths:1 | Found a sacrificial altar of Ru.
 45865 | Depths:2 | Received a gift from Trog
 45935 | Depths:2 | Found an ancient bone altar of Kikubaaqudgha.
 46286 | Depths:2 | Reached XP level 22. HP: 217/217 MP: 21/21
 47365 | Depths:2 | You fall into a shaft and drop 2 floors!
 47376 | Depths:4 | Received a gift from Trog
 48005 | Depths:4 | Found a gateway to a ziggurat.
 48007 | Depths:4 | Paralysed by a floating eye for 4 turns
 48015 | Depths:4 | Paralysed by a floating eye for 2 turns
 48022 | Depths:4 | Paralysed by a floating eye for 4 turns
 48032 | Depths:4 | Paralysed by a floating eye for 3 turns
 48396 | Depths:4 | Found a stormy altar of Qazlal.
 48795 | Depths:4 | Identified the +1 kite shield "Mauq" {rElec rF++ rN+ Str-5}
 48822 | Depths:4 | Received a gift from Trog
 49035 | Depths:4 | Found an iron altar of Okawaru.
 49356 | Depths:4 | Found a one-way gate to the infinite horrors of the Abyss.
 49903 | Depths:3 | Paralysed by a great orb of eyes for 7 turns
 50384 | Depths:3 | Noticed Margery
 50404 | Depths:3 | Killed Margery
 50874 | Depths:3 | Reached XP level 23. HP: 228/228 MP: 22/22
 51358 | Depths:3 | Found a runed translucent door.
 51358 | Depths:3 | Noticed Funofi's ghost (adept MiBe)
 51688 | Depths:3 | Killed Funofi's ghost
 52081 | Depths:5 | Entered Level 5 of the Depths
 52430 | Depths:3 | Noticed a dread lich
 52435 | Depths:3 | Paralysed by a dread lich for 5 turns
 52445 | Depths:3 | Killed a dread lich
 52445 | Depths:3 | Received a gift from Trog
 53114 | Depths:5 | Identified the +7 short sword of Pandemonium {vorpal, rElec
                  | rPois Str+6}
 53176 | Depths:5 | Found a bloodstained altar of Trog.
 54227 | Depths:5 | Found a gate to the Realm of Zot.
 54659 | Vaults:1 | Entered Level 1 of the Vaults
 54700 | Vaults:1 | Identified the +11 quarterstaff "Poede" {flame, *Slow rN+
                  | Int+6} (Trog gifted it to you on level 1 of the Vaults)
 54700 | Vaults:1 | Received a gift from Trog
 57028 | Snake:2  | Bought a scroll of acquirement for 988 gold pieces
 57029 | Snake:2  | Acquired 727 gold pieces
 57270 | Vaults:2 | Noticed Bai Suzhen
 57288 | Vaults:2 | Killed Bai Suzhen
 57289 | Vaults:2 | Reached XP level 24. HP: 240/240 MP: 22/22
 57533 | Vaults:2 | Received a gift from Trog
 58380 | Vaults:2 | Found a portal to a secret trove of treasure.
 58932 | Vaults:2 | You paid a toll of +2 fire dragon scales to enter a
                  | treasure trove
 58933 | Trove    | Entered a treasure trove
 58941 | Trove    | Identified the ring of Ukliaggu {Ice rElec rPois Int-2
                  | SInv}
 58943 | Trove    | Identified the ring "Avvuch" {rPois rN+ Stlth+}
 58945 | Trove    | Identified the amulet of Nesaz {Acrobat Int-5 Dex+6}
 58947 | Trove    | Identified the amulet "Gyfitul" {Faith Will- rCorr Str+4}
 58951 | Trove    | Identified the amulet "Xogitasy" {Regen+ Str+4}
 58953 | Trove    | Identified the ring of Guhiuwn {rN++ EV+4 Str+3}
 58954 | Trove    | Identified the amulet "Huokilin" {Faith Will+ Dex+3}
 58955 | Trove    | Identified the amulet of Jeimy {Acrobat -Cast rElec Str-4
                  | Dex+8}
 58961 | Trove    | Identified the ring of Liberty {Ice Contam Will+++ Str+3}
 59147 | Vaults:2 | Received a gift from Trog
 60333 | Vaults:3 | Found a staircase to the Crypt.
 60796 | Vaults:3 | Received a gift from Trog
 61882 | Vaults:4 | Received a gift from Trog
 62246 | Vaults:4 | Reached XP level 25. HP: 252/253 MP: 22/22
 62262 | Vaults:4 | Found Ufiwk's Armour Shop.
 62328 | Vaults:4 | Bought a +1 cloak of willpower for 363 gold pieces
 62578 | Vaults:4 | Received a gift from Trog
 63092 | Vaults:5 | Entered Level 5 of the Vaults
 63115 | Vaults:5 | Noticed an ancient lich
 63122 | Vaults:5 | Killed an ancient lich
 63127 | Vaults:5 | Received a gift from Trog
 63542 | Vaults:5 | Noticed a dread lich
 63554 | Vaults:5 | Killed a dread lich
 63555 | Vaults:5 | Reached skill level 27 in Fighting
 63640 | Vaults:5 | Noticed a dread lich
 63646 | Vaults:5 | Killed a dread lich
 63890 | Vaults:5 | Received a gift from Trog
 63917 | Vaults:5 | Reached XP level 26. HP: 201/266 MP: 22/22
 64195 | Vaults:5 | Identified the +5 hand axe "Veugarut" {freeze, rC+++ Str+4
                  | Dex-5}
 64201 | Vaults:5 | Found Xuucuva's Armour Emporium.
 64218 | Vaults:5 | Found the +8 autumn katana {vorpal, Clar}
 64296 | Vaults:5 | Got a silver rune of Zot
 64447 | Vaults:5 | Identified the +4 ice dragon scales of the Doldrums {Harm
                  | rElec rF- rC++ Stlth+}
 64754 | Vaults:5 | Identified the ring "Zaoqeic" {rElec MP+9 Int+6 Slay+2}
 65205 | Hell     | Entered the Vestibule of Hell
 65212 | Hell     | Noticed Geryon
 65587 | Hell     | Reached skill level 27 in Armour
 65601 | Hell     | Killed Geryon
 65663 | Hell     | Found a gateway to the ashen valley of Gehenna.
 65693 | Hell     | Received a gift from Trog
 65751 | Hell     | Found a gateway to the freezing wastes of Cocytus.
 65764 | Hell     | Noticed Murray
 65783 | Hell     | Killed Murray
 65862 | Hell     | Found a gateway to the Iron City of Dis.
 65955 | Hell     | Found a gateway to the decaying netherworld of Tartarus.
 66327 | Slime:1  | Entered Level 1 of the Pits of Slime
 66348 | Slime:1  | Gained mutation: You are very clumsy. (Dex -4) [a shining
                  | eye]
 66367 | Slime:1  | Gained mutation: You sometimes lose the ability to read
                  | scrolls when taking damage. [a shining eye]
 66368 | Slime:1  | Gained mutation: Your spells are a little easier to cast,
                  | but a little less powerful. [a shining eye]
 66369 | Slime:1  | Gained mutation: You are partially covered in large bone
                  | plates. (SH +4) [a shining eye]
 66371 | Slime:1  | Gained mutation: You occasionally shout uncontrollably at
                  | your foes. [a shining eye]
 66374 | Slime:1  | Gained mutation: Your body sometimes deteriorates upon
                  | taking damage. [a shining eye]
 66375 | Slime:1  | Gained mutation: Your body often deteriorates upon taking
                  | damage. [a shining eye]
 66378 | Slime:1  | Gained mutation: You are frail. (-10% HP) [a shining eye]
 66567 | Slime:3  | Gained mutation: You expend magic power (3 MP) to
                  | strengthen your wands. [a shining eye]
 66570 | Slime:3  | Paralysed by a floating eye for 4 turns
 66578 | Slime:3  | Paralysed by a floating eye for 4 turns
 66582 | Slime:3  | Gained mutation: You do not regenerate when monsters are
                  | visible. [a shining eye]
 66584 | Slime:3  | Gained mutation: You are very frail. (-20% HP) [a shining
                  | eye]
 66586 | Slime:3  | Gained mutation: You are extremely frail. (-30% HP) [a
                  | shining eye]
 66621 | Slime:4  | Received a gift from Trog
 66624 | Slime:5  | Entered Level 5 of the Pits of Slime
 67027 | Slime:5  | Gained mutation: You frequently scream uncontrollably at
                  | your foes. [a shining eye]
 67521 | Slime:5  | Found a viscous altar of Jiyva.
 67648 | Slime:5  | Noticed the Royal Jelly
 67663 | Slime:5  | Killed the Royal Jelly
 67664 | Slime:5  | Reached skill level 27 in Axes
 67703 | Slime:5  | Identified the +3 plate armour of Qoffiuco {Int+2}
 67708 | Slime:5  | Got a slimy rune of Zot
 67736 | Slime:5  | Identified the ring "Etacayno" {Str+3 Dex+6}
 67744 | Slime:5  | Identified the +0 kite shield of Sunlight {rN+}
 68126 | Crypt:1  | Entered Level 1 of the Crypt
 68285 | Crypt:1  | Reached skill level 1 in Stealth
 68287 | Crypt:1  | Received a gift from Trog
 68317 | Crypt:1  | Reached XP level 27. HP: 169/191 MP: 22/22
 69230 | Crypt:2  | Identified the +9 trident of Heam {vorpal, Str+3} (Trog
                  | gifted it to you on level 2 of the Crypt)
 69230 | Crypt:2  | Received a gift from Trog
 69577 | Crypt:2  | Reached skill level 5 in Stealth
 70620 | Crypt:3  | Entered Level 3 of the Crypt
 70671 | Crypt:3  | Found a staircase to the Tomb.
 70839 | Crypt:3  | Received a gift from Trog
 71045 | Crypt:3  | Found an ancient bone altar of Kikubaaqudgha.
 71081 | Crypt:3  | Noticed an ancient lich
 71097 | Crypt:3  | Killed an ancient lich
 71456 | Crypt:3  | Identified the +6 flail "Vogac" {vamp, Drain rN+ Int+5}
 71791 | Crypt:3  | Received a gift from Trog
 71884 | Crypt:3  | Reached skill level 15 in Dodging
 72363 | Crypt:3  | Identified the +1 scale mail of Ucsahol {Drain rPois rN+++
                  | Int+7}
 72695 | Coc:1    | Entered Level 1 of Cocytus
 73148 | Coc:2    | Received a gift from Trog
 73595 | Coc:4    | Received a gift from Trog
 73849 | Coc:5    | Reached skill level 10 in Stealth
 73931 | Coc:7    | Entered Level 7 of Cocytus
 74333 | Coc:3    | Received a gift from Trog
 74644 | Coc:7    | HP: 9/191 [drowned by a water elemental[an elemental
                  | wellspring] (6)]
 74649 | Coc:7    | Slain by an ice dragon

Illustrated notes

Levels and vault maps discovered:
D:1:      psy_arrival_statuary, layout_loops_ring
D:2:      layout_loops_ring, minmay_misc_feat_hallway, kennysheep_nondescript,
          uniq_terence, uniq_sigmund
D:3:      layout_basic, grunt_temple_overflow_open, serial_corexii_hall,
          chequers_hall_statues_wall_a, corexii_hall_statues_l,
          shapermc_ecumenical_altar_venn, st_stairs_2, uniq_crazy_yiuf_cottage,
          uniq_jessica
D:4:      layout_basic, serial_curves, eino_curves_01, eino_curves_04
D:5:      layout_loops_cross, uniq_ijyb, uniq_menkaure
D:6:      layout_gridville, amcnicky_mini_pool_medium
D:7:      layout_cave_pools, minitemple, minmay_temple_entry_stoned_glass
D:8:      layout_basic
D:9:      cheibrodos_ideogram_h, layout_long_grid, lair_entry_dummy,
          special_room [special_room_bee]
D:10:     layout_basic, gammafunk_ghost_stat_death, grunt_ministairs_2
D:11:     layout_basic
D:12:     kennysheep_four_of_diamonds, layout_loops_ring, orc_0_dummy,
          lightli_minifort, uniq_sonja, uniq_snorg
D:13:     layout_irregular_city, skrybe_vaults_entry_preservation,
          serial_undead, serial_undead_a, serial_undead_a, serial_undead_c,
          serial_undead_b, serial_undead_a, serial_undead_c, serial_undead_e,
          serial_undead_e, serial_shops, shop
D:14:     layout_gridville, minivault_4, uniq_jorgrun
D:15:     hangedman_depths_entry_try_elsewhere_first, layout_gridville,
          nzn_hepliaklqana_mist_gate
Lair:1:   gammafunk_boulding_lane, layout_regular_city, serial_bayou_lake_a
Lair:2:   layout_cave_pods, minmay_snake_entry_six_corridors, serial_forest,
          infiniplex_forest_end_1, infiniplex_forest_clump_medium,
          infiniplex_forest_lined_corner, infiniplex_forest_lined_1,
          infiniplex_forest_clump_double, infiniplex_forest_end_3,
          infiniplex_forest_end_2, infiniplex_forest_lined_room_3,
          infiniplex_forest_zigzag_1, hibernation_bobbens
Lair:3:   layout_regular_city, minmay_swamp_entry_worms, gauntlet_entry_generic,
          grunt_megastairs_4
Lair:4:   layout_cave_pods, lemuel_fruit_tree, uniq_nergalle, uniq_kirke
Lair:5:   layout_cave_shapes, minmay_slime_entry_pillars,
          grunt_forest_stairs_clearing
Lair:6:   minmay_lair_end_frog_pond, layout_cave_pods, portal_ice_cave_rime,
          grunt_forest_small_clearing_treed, grunt_megastairs_3
Swamp:1:  layout_basic_swamp, hangedman_swamp_pad
Swamp:2:  layout_basic_swamp, nicolae_swamp_round_clearing
Swamp:3:  layout_falls_marsh, nicolae_swamp_some_circles
Swamp:4:  swamp_alternative, layout_basic_swamp, swamp_pool1, uniq_donald,
          uniq_nikola
Snake:1:  layout_rooms
Snake:2:  layout_onion_interference, ebering_ghost_reflecting_pool,
          guppyfry_snake_island, minmay_shop_star, uniq_aizul
Snake:3:  layout_misc_corridors, drop_trap, lightli_airlock, uniq_vashnia
Snake:4:  grunt_snake_rune_serpentine_throne, layout_basic, grunt_ministairs_6
Slime:1:  layout_caves, nicolae_slime_ancient_tower_intersection
Slime:2:  layout_caves
Slime:3:  layout_caves
Slime:4:  layout_caves
Slime:5
Orc:1:    layout_diamond_mine, serial_shops, nicolae_shop_stone,
          nicolae_orc_rockfall, uniq_maurice
Orc:2:    grunt_orc_tribal_feast, layout_diamond_mine, minmay_shop_mass
Elf:1:    eino_elf_arrival_the_gate, layout_loops_corners,
          hangedman_elf_disciples, minmay_elf_demonology, uniq_frances,
          uniq_asterion
Elf:2:    layout_loops_corners, uniq_agnes
Elf:3:    minmay_elf_hall_spiked, layout_geoelf_castle
Vaults:1: nicolae_vaults_diagonal_hallway_7, nicolae_vaults_triangles,
          v_misc_16, vaults_room_boxed, ontoclasm_vaults_ring_large, v_misc_2,
          ontoclasm_vaults_twist, vaults_room_grid, hangedman_vaults_variations,
          hangedman_vaults_pinch, nicolae_vaults_three_branches, v_misc_16,
          vaults_room_grid, layout_vaults_omnicross
Vaults:2: serial_ice_h, v_rooms_2, vaults_room_ringed_pool,
          nicolae_vaults_windows_and_doors_thing, nicolae_vaults_shelves_hall,
          nicolae_vaults_alarming, vaults_mumra_hexcomb, ontoclasm_vaults_eye,
          nicolae_vaults_diagonal_hallway_9, nicolae_vaults_big_ls,
          nicolae_vaults_diagonal_hallway_9, nicolae_vaults_hallways_thing,
          nicolae_vaults_little_squares_5, layout_vaults_omnibox, enter_trove_0,
          uniq_bai_suzhen
Vaults:3: nicolae_vaults_big_angled_halls, v_misc_13, v_misc_15, v_misc_2,
          vaults_mumra_minichess, v_misc_15, layout_vaults_omnigrid,
          dummy_crypt_entry
Vaults:4: ontoclasm_vaults_hangar, hangedman_vaults_corner,
          ontoclasm_vaults_tryst, nicolae_vaults_quartermaster,
          grunt_vaults_twisty, grunt_vaults_diagonal, v_misc_28,
          vaults_room_grunt_arrival_checkpoint, v_alt_pattern_2, v_misc_27,
          nicolae_vaults_gold_heap, vaults_room_pool, layout_vaults_big_room,
          serial_shops, shop_statue
Vaults:5
Crypt:1:  layout_chaotic_city, grunt_ministairs_13,
          serial_sigils_hangedman_shear
Crypt:2:  layout_catacombs, grunt_ministairs_2, roderic_lattice_octagonal_star
Crypt:3:  church_of_pain_bobbens, layout_chaotic_city,
          tomb_entry_forgotten_bobbens, nicolae_crypt_small_crypt
Depths:1: layout_cave_pools, rand_demon_pan_entry_9, roderic_serpentine_path,
          hell_entry, amcnicky_mini_rare_corridor_liquid,
          nicolae_ru_great_annihilating_truth, uniq_sojobo
Depths:2: minmay_ornate_pinched, layout_honeycomb, hell_entry, basic_altar
Depths:3: kennysheep_funnel, layout_basic, abyss_entry, rand_demon_pan_entry_4,
          gammafunk_ghost_grave, hell_entry, kennysheep_generic_room_11,
          uniq_margery
Depths:4: evilmike_iron_armoury, layout_gridlike, enter_ziggurat_c,
          lightli_too_deep, pan_entry, abyss_entry, grunt_qazlal_clouds,
          minmay_staircase_statues, hangedman_decor_cross_pass
Depths:5: grunt_zot_entry_hairpin, layout_cave_pools, abyss_entry,
          trog_three_pillars_becter, hell_entry, minmay_metal_thing
Hell
Coc:1:    layout_ice_bergs
Coc:2:    layout_ice_bergs
Coc:3:    layout_cocytus_water_paths
Coc:4:    layout_ice_bergs, serial_ice, serial_ice_e, serial_ice_b, serial_ice_a
Coc:5:    layout_ice_bergs
Coc:6:    layout_ice_bergs
Coc:7:    coc_grunt_cove [coc_grunt_cove_antaeus, coc_grunt_cove_fiend,
          coc_grunt_cove_fiend, coc_grunt_cove_fiend, coc_grunt_cove_fiend]

Skill      XL: |  1  2  3  4  5  6  7  8  9 10 11 12 13 14 15 16 17 18 19 20 21 22 23 24 25 26 27 |
---------------+----------------------------------------------------------------------------------+-----
Axes           | 4 5 6 7 8 10 11 12 14 15 16 17 18 19 20 21 22 23 24 25 26 27 | 27.0
Fighting       | 4 5 6 7 8 10 11 12 14 15 16 17 18 19 20 21 22 23 24 25 27 | 27.0
Armour         | 3 4 8 10 12 13 15 16 17 19 20 21 22 23 26 27 | 27.0
Dodging        | 3 4 6 7 9 10 11 12 17 | 17.0
Evocations     | 1 4 6 8 9 10 11 12 13 14 15 16 17 18 19 21 | 21.4
Stealth        | 1 11 | 11.0

Action                   |  1- 3 |  4- 6 |  7- 9 | 10-12 | 13-15 | 16-18 | 19-21 | 22-24 | 25-27 || total
-------------------------+-------+-------+-------+-------+-------+-------+-------+-------+-------++-------
Melee: Hand axe          |    67 |   127 |   270 |   474 |    86 |    93 |       |       |       ||  1117
       Headbutt          |    10 |    22 |    57 |   141 |   252 |   294 |   303 |   371 |   530 ||  1980
       Unarmed           |       |     5 |       |       |       |       |       |       |       ||     5
       Broad axe         |       |       |       |    65 |   249 |       |       |       |       ||   314
       Battleaxe         |       |       |       |       |   605 |   335 |  1127 |  1071 |       ||  3138
       Executioner's axe |       |       |       |       |   141 |   653 |       |   257 |  1638 ||  2689
Throw: Boomerang         |       |       |     1 |       |       |       |       |       |       ||     1
Invok: Berserk           |       |     1 |     9 |    17 |     6 |     4 |     5 |     6 |     5 ||    53
       Trog's Hand       |       |       |       |     2 |     1 |     3 |    17 |     4 |    15 ||    42
       Brothers in Arms  |       |       |       |     1 |     1 |     1 |     5 |       |     3 ||    11
Evoke: Wand              |       |       |       |    30 |    13 |    22 |     6 |    10 |    11 ||    92
       Box of beasts     |       |       |       |       |     1 |     4 |     4 |     3 |     1 ||    13
       Condenser vane    |       |       |       |       |     1 |     4 |     4 |     2 |     4 ||    15
       Phial of floods   |       |       |       |       |       |     2 |     1 |       |       ||     3
       Tin of tremorston |       |       |       |       |       |       |       |     7 |       ||     7
  Use: Scroll            |     1 |     2 |     1 |     3 |    28 |    18 |     2 |    12 |     1 ||    68
       Potion            |       |       |     4 |     1 |     2 |     1 |    10 |       |    12 ||    30
 Stab: Confused          |       |     2 |       |       |     1 |       |       |       |       ||     3
       Paralysed         |       |       |       |     1 |     5 |     6 |     1 |     4 |     5 ||    22
       Distracted        |       |       |       |       |       |     3 |     1 |     3 |     2 ||     9
       Fleeing           |       |       |       |       |       |     1 |       |       |       ||     1
Armor: Animal skin       |     3 |       |       |       |       |       |       |       |       ||     3
       Ring mail         |     8 |       |       |       |       |       |       |       |       ||     8
       Chain mail        |     4 |    65 |   149 |   183 |   498 |       |       |       |       ||   899
       Crystal plate arm |       |       |       |       |   135 |  1131 |   700 |   866 |   978 ||  3810
Dodge: Dodged            |    40 |    55 |   126 |   240 |   642 |   638 |   373 |   510 |   823 ||  3447
Block: Other             |       |       |       |       |       |       |   148 |   221 |   465 ||   834
       Reflection        |       |       |       |       |       |       |     9 |    28 |     9 ||    46

Table legend: (Time is in decaauts)
 A = Elapsed time spent in this place.
 B = Non-inter-level travel time spent in this place.
 C = Inter-level travel time spent in this place.
 D = Time resting spent in this place.
 E = Time spent auto-exploring this place.
 F = Levels seen in this place.
 G = Mean time per level.
                   A        B        C        D        E       F      G
               +--------+--------+--------+--------+--------+-----+--------+
         Total |  74027 |  67349 |   6678 |  12696 |  39381 |  66 | 1121.6 |
       Dungeon |  20711 |  17568 |   3143 |   4672 |   9966 |  15 | 1380.7 |
          Lair |   7965 |   7068 |    897 |    532 |   4956 |   6 | 1327.5 |
         Swamp |   3568 |   3314 |    254 |    664 |   1660 |   4 |  892.0 |
     Snake Pit |   4694 |   4379 |    315 |    991 |   2309 |   4 | 1173.5 |
    Slime Pits |   1467 |   1379 |     88 |    744 |      0 |   5 |  293.4 |
  Orcish Mines |   1919 |   1589 |    330 |    337 |    825 |   2 |  959.5 |
   Elven Halls |   6252 |   5956 |    296 |   1362 |   3380 |   3 | 2084.0 |
        Vaults |   8780 |   8058 |    722 |    424 |   6124 |   5 | 1756.0 |
         Crypt |   4202 |   3954 |    248 |    379 |   2918 |   3 | 1400.7 |
        Depths |  10755 |  10432 |    323 |   2076 |   6968 |   5 | 2151.0 |
          Hell |    554 |    526 |     28 |     49 |    272 |   1 |  554.0 |
       Cocytus |   1915 |   1883 |     32 |    368 |      0 |   7 |  273.6 |
         Abyss |   1147 |   1147 |      0 |     94 |      0 |   5 |  229.4 |
         Trove |     93 |     93 |      0 |      0 |      0 |   1 |   93.0 |
               +--------+--------+--------+--------+--------+-----+--------+

Top non-repeatable levels by time:
     D:9: 2898 daAuts
Depths:3: 2610 daAuts
   Elf:3: 2422 daAuts
Depths:4: 2399 daAuts
    D:13: 2229 daAuts
Depths:1: 2174 daAuts
   Elf:1: 2013 daAuts
Vaults:2: 1957 daAuts
     D:6: 1943 daAuts
Depths:2: 1923 daAuts
Vaults:1: 1889 daAuts
Vaults:4: 1821 daAuts
   Elf:2: 1816 daAuts
 Crypt:3: 1750 daAuts
    D:15: 1745 daAuts
